 Dungeon Crawl Stone Soup version 0.19-a0-860-g5c370dd (webtiles) character file.

5473 HenryFlower the Grappler (level 10, -14/153 HPs)
             Began as a Troll Hunter on July 2, 2016.
             Was a Believer of Uskayaw.
             Killed from afar by a deep elf knight (26 damage)
             ... with a stone arrow
             ... in a bailey on July 3, 2016.
             The game lasted 00:18:47 (8200 turns).

HenryFlower the Grappler (Troll Hunter)             Turns: 8200, Time: 00:18:48

Health: -14/153    AC: 25    Str: 22    XL:     10   Next: 42%
Magic:  0/9        EV:  1    Int: 10    God:    Uskayaw [**....]
Gold:   529        SH:  0    Dex: 13    Spells: 0 memorised, 9 levels left

rFire  . . .     SeeInvis .       - Unarmed
rCold  . . .     Gourm    +     (armour currently unavailable)
rNeg   + + +     Faith    .     (no shield)
rPois  +         Spirit   +     (helmet currently unavailable)
rElec  .         Dismiss  .     (cloak currently unavailable)
rCorr  .         Reflect  .     (gloves unavailable)
SustAt .         Harm     .     (boots unavailable)
MR     .....     NoTele   +     y - amulet of guardian spirit
Stlth  ++........               o - +3 ring of intelligence
                                A - +2 ring of evasion

@: tree-form, very slightly contaminated, invisible, not resistant to hostile
enchantments, unstealthy
A: unfitting armour, (claws 0), fast metabolism 3, gourmand, regeneration 2,
(shaggy fur 0), (tough skin 0)
a: Stomp, Line Pass, Renounce Religion


You were in a bailey.
You worshipped Uskayaw.
Uskayaw was pleased with you.
You were very full.
You were a tree.
You visited 2 branches of the dungeon, and saw 10 of its levels.
You also visited: Bailey.

You collected 529 gold pieces.

Inventory:

Missiles
 d - 4 throwing nets (quivered)
 t - 14 tomahawks
Armour
 b - a +1 robe (melded)
Jewellery
 n - a +2 ring of intelligence
 o - a +3 ring of intelligence (right branch)
 r - an uncursed ring of sustain attributes
 y - an amulet of guardian spirit (around neck)
 A - a +2 ring of evasion (left branch)
 B - an uncursed ring of fire
Wands
 e - a wand of flame (0/48)
 h - a wand of digging (8/24)
 v - a wand of disintegration (12/24)
 D - a wand of confusion (17/48)
Scrolls
 i - a scroll of amnesia
 j - 4 scrolls of remove curse
 l - a scroll of immolation
 p - 2 scrolls of enchant weapon
Potions
 s - a potion of ambrosia {unknown}
 u - a potion of lignification
 w - a potion of magic
 z - a potion of invisibility
Books
 C - a book of Geomancy

   Spells                             Type                      Level
   a - Sandblast                      Earth                        1
   b - Passwall                       Transmutation/Earth          2
   c - Stone Arrow                    Conjuration/Earth            3
   d - Petrify                        Transmutation/Earth          4
   e - Lee's Rapid Deconstruction     Earth                        5
 F - a book of Cantrips

   Spells                             Type                      Level
   a - Confusing Touch                Hexes                        1
   b - Animate Skeleton               Necromancy                   1
   c - Summon Small Mammal            Summoning                    1
   d - Apportation                    Translocation                1
Comestibles
 f - 8 bread rations
 g - 3 beef jerkies
 x - a meat ration
 G - 8 chunks of flesh


   Skills:
 - Level 7.6 Fighting
 - Level 3.6 Throwing
 + Level 5.2 Dodging
 - Level 0.4 Stealth
 - Level 11.2 Unarmed Combat


You had 9 spell levels left.
You didn't know any spells.

Dungeon Overview and Level Annotations

Branches:
Dungeon (9/15)             Temple (1/1) D:4
   Lair: D:8-11         Orc: D:9-12

Altars:
Ashenzari
Cheibriados
Dithmenos
Elyvilon
Fedhas
Gozag
Hepliaklqana
Kikubaaqudgha
Makhleb
Nemelex Xobeh
Okawaru
Pakellas
Qazlal
Ru
Sif Muna
Trog
Uskayaw
Vehumet
Xom
Yredelemnul
Zin
The Shining One

Shops:
D:5 [   D:8 (

Annotations:
Bailey kelbaugc's ghost, novice TrMo


Innate Abilities, Weirdness & Mutations

You are too large for most types of armour.
((You have claws for hands.))
Your metabolism is lightning-fast.
You like to eat raw meat.
You heal very quickly.
((You are covered in fur. (AC +1)))
((You have very tough skin. (AC +2)))


Message History

* * * LOW HITPOINT WARNING * * *
Unknown command.
You hit the deep elf knight but do no damage.
The deep elf knight is moderately wounded.
The deep elf knight hits you with a short sword.
* * * LOW HITPOINT WARNING * * *
Unknown command.
You smack the deep elf knight!
The deep elf knight is moderately wounded.
The deep elf knight hits you but does no damage.
You can now pass through a line of other dancers.
You strike the helpless deep elf knight from behind!
You hit the deep elf knight.
You punch the deep elf knight, but do no damage.
The deep elf knight is heavily wounded.
You completely miss the deep elf knight.
The deep elf knight is heavily wounded.
The deep elf knight gestures at you while chanting.
Helpless, you fail to dodge the stone arrow.
You die...

##. .e##
###
.(.§##?$##
§§§.#♣?$.#
§...
#.eW.# #§.
##..##
#####E#
'##
##...§# ..
#....E#
...
#..∩..#
...
#..§§§#
..##
###..E##


You could see a deep elf knight and kelbaugc's ghost.

Vanquished Creatures
  6 deep elf magi (Bailey)
  Grinder (D:6)
  A two-headed ogre (D:9)
  2 orc warriors (D:8)
  A sky beast (D:7)
  A black bear (D:8)
  A phantom (D:8)
  A necrophage (D:9)
  4 ogres
  3 centaurs
  A big kobold (D:8)
  A scorpion (D:9)
  A howler monkey (D:6)
  3 giant frog zombies
  5 crimson imps
  A quasit (D:9)
  3 orc priests
  2 gnoll shamans (D:4)
  A centaur skeleton (D:4)
  3 hounds
  6 orc wizards
  A giant frog skeleton (D:6)
  5 iguanas
  7 worker ants
  A mummy (D:4)
  11 gnolls
  A howler monkey skeleton (D:7)
  10 adders
  A shadow imp (D:8)
  An adder skeleton (D:5)
  2 worms
  2 dart slugs
  5 giant geckos
  32 orcs
  7 bats
  2 giant cockroaches
  7 hobgoblins
  7 jackals
  A giant gecko skeleton (D:7)
  3 giant newts
  7 goblins
  A hobgoblin zombie (D:4)
  9 kobolds
  A kobold zombie (D:4)
  2 orc zombies (D:4)
  A quokka skeleton (D:4)
  8 rats
183 creatures vanquished.

Notes
Turn   | Place    | Note
-------+----------+-------------------------------------------
     0 | D:1      | HenryFlower the Troll Hunter began the quest for the Orb.
     0 | D:1      | Reached XP level 1. HP: 19/19 MP: 0/0
   133 | D:1      | Reached skill level 1 in Unarmed Combat
   234 | D:1      | Reached XP level 2. HP: 24/27 MP: 1/1
   559 | D:1      | Reached skill level 2 in Unarmed Combat
  1102 | D:2      | Found a shattered altar of Ashenzari.
  1249 | D:2      | Found a bloodstained altar of Trog.
  1306 | D:2      | Reached XP level 3. HP: 33/33 MP: 2/2
  1371 | D:2      | Reached skill level 3 in Unarmed Combat
  2008 | D:3      | Reached XP level 4. HP: 38/41 MP: 3/3
  2112 | D:3      | Reached skill level 4 in Unarmed Combat
  2613 | D:3      | Found a deep blue altar of Sif Muna.
  2688 | D:3      | Reached XP level 5. HP: 44/48 MP: 4/4
  2852 | D:4      | Found a staircase to the Ecumenical Temple.
  2862 | Temple   | Entered the Ecumenical Temple
  3149 | D:4      | Reached skill level 5 in Unarmed Combat
  3254 | D:4      | Noticed an ogre
  3260 | D:4      | Killed an ogre
  3260 | D:4      | Reached XP level 6. HP: 59/59 MP: 5/5
  3875 | D:4      | Found a sparkling altar of Nemelex Xobeh.
  3966 | D:4      | Reached XP level 7. HP: 26/67 MP: 6/6
  4555 | D:5      | Entered Level 5 of the Dungeon
  4616 | D:5      | Found Falenythua's Armour Emporium.
  4776 | D:5      | Found an ancient bone altar of Kikubaaqudgha.
  4841 | D:5      | Found a sacrificial altar of Ru.
  4854 | D:5      | Reached skill level 6 in Unarmed Combat
  5073 | D:5      | Found a burning altar of Makhleb.
  5074 | D:5      | Found a radiant altar of Vehumet.
  5188 | D:5      | Found a hide-covered altar of Uskayaw.
  5193 | D:5      | Became a worshipper of Uskayaw the Reveler
  5233 | D:6      | Reached * piety under Uskayaw
  5245 | D:6      | Reached ** piety under Uskayaw
  5247 | D:6      | Reached *** piety under Uskayaw
  5384 | D:6      | Reached skill level 7 in Unarmed Combat
  5399 | D:6      | Noticed Grinder
  5399 | D:6      | Paralysed by Grinder for 3 turns
  5410 | D:6      | Killed Grinder
  5410 | D:6      | Reached XP level 8. HP: 75/75 MP: 7/7
  5568 | D:6      | Reached skill level 8 in Unarmed Combat
  6008 | D:7      | Reached skill level 9 in Unarmed Combat
  6011 | D:7      | Reached **** piety under Uskayaw
  6739 | D:8      | Reached skill level 10 in Unarmed Combat
  6868 | D:8      | Found Pumial's Weapon Shop.
  6936 | D:8      | Reached XP level 9. HP: 66/81 MP: 5/8
  7135 | D:8      | Reached skill level 11 in Unarmed Combat
  7388 | D:8      | Found a snail-covered altar of Cheibriados.
  7388 | D:8      | Found a shadowy altar of Dithmenos.
  7526 | D:9      | Found an iron altar of Okawaru.
  7561 | D:9      | Found a white marble altar of Elyvilon.
  7890 | D:9      | Reached skill level 5 in Fighting
  7946 | D:9      | Found a flagged portal.
  7956 | Bailey   | Entered a bailey
  7967 | Bailey   | Noticed a deep elf mage
  7977 | Bailey   | Killed a deep elf mage
  8024 | Bailey   | Noticed a deep elf mage
  8026 | Bailey   | Noticed a deep elf mage
  8027 | Bailey   | Noticed a demonic crawler
  8027 | Bailey   | Noticed a deep elf mage
  8032 | Bailey   | Killed a deep elf mage
  8032 | Bailey   | Reached XP level 10. HP: 93/100 MP: 7/9
  8043 | Bailey   | Killed a deep elf mage
  8050 | Bailey   | Killed a deep elf mage
  8050 | Bailey   | Reached ***** piety under Uskayaw
  8123 | Bailey   | Noticed a deep elf mage
  8160 | Bailey   | Noticed a deep elf mage
  8162 | Bailey   | Noticed a deep elf mage
  8171 | Bailey   | Killed a deep elf mage
  8180 | Bailey   | Killed a deep elf mage
  8180 | Bailey   | Reached skill level 5 in Dodging
  8185 | Bailey   | Noticed kelbaugc's ghost (novice TrMo)
  8185 | Bailey   | Noticed a deep elf knight
  8200 | Bailey   | Killed from afar by a deep elf knight

Vault maps used:
D:1:      grunt_arrival_lava_bath
D:2:      nicolae_ashenzari_panopticon, lemuel_round_altar
D:3:      lemuel_blue_sif_altar
D:4:      lemuel_coloured_pillars_altar, first_bread, hangedman_decor_points,
          st_stairs_12, nrook_mini_backslash, minmay_mini_ossuary
D:5:      grunt_temple_overflow_lords_of_destruction, kennysheep_little_box,
          kiku_gazebo_garden_becter, lemuel_crystal_altar, serial_shops,
          shop_fountains
D:6:      uniq_grinder
D:8:      gammafunk_temple_overflow_wave, serial_shops, shop
D:9:      lemuel_crystal_altar, okawaru_ov_weapons_minmay, david_lair_shrubbed,
          enter_bailey_2
Temple:   compressed_dpeg_triangle_lava_temple
Bailey:   bailey_polearm_3, bailey

Skill      XL: |  1  2  3  4  5  6  7  8  9 10 |
---------------+-------------------------------+-----
Unarmed Combat | 1 2 3 4 5 7 10 11 | 11.2
Fighting       | 2 3 6 7 |  7.6
Dodging        | 3 5 |  5.2
Throwing       | |  3.6
Stealth        | |  0.4

Action                   |  1- 3 |  4- 6 |  7- 9 | 10-12 || total
-------------------------+-------+-------+-------+-------++-------
Melee: Unarmed           |   109 |   112 |   326 |    36 ||   583
       Punch             |     1 |       |    19 |     2 ||    22
Throw: Tomahawk          |       |     3 |       |       ||     3
       Large rock        |       |     6 |     7 |     2 ||    15
Invok: Stomp             |       |       |       |     1 ||     1
  Use: Scroll            |     1 |       |    17 |     1 ||    19
       Potion            |       |       |     2 |     4 ||     6
 Stab: Sleeping          |     1 |       |       |       ||     1
       Paralysed         |       |       |     7 |     2 ||     9
       Invisible         |       |       |       |     1 ||     1
  Eat: Chunk             |    24 |    18 |    37 |     1 ||    80
Armor: Robe              |    38 |    24 |    77 |     5 ||   144
       Skin              |       |       |       |     6 ||     6
Dodge: Dodged            |    47 |    40 |   149 |     6 ||   242
